 Dungeon Crawl Stone Soup version 0.30-a0-591-g3c58d2bc28 (webtiles) character file.

Game seed: 6183496923311969700

45192 billz999 the Skirmisher (level 14, -6/107 HPs)
             Began as a Djinni Ice Elementalist on Jan 4, 2023.
             Was the Champion of Makhleb.
             Mangled by a death yak (21 damage)
             ... on level 5 of the Lair of Beasts.
             The game lasted 00:47:35 (14496 turns).

billz999 the Skirmisher (Djinni Ice Elementalist)  Turns: 14496, Time: 00:47:36

Health: -6/107     AC:  5    Str:  6    XL:     14   Next: 69%
Gold:   1106       EV: 13    Int: 27    God:    Makhleb [******] SH:  0 Dex: 24

rFire   + + .      SeeInvis .    i - +2 arbalest (flame)
rCold   . . .      Faith    .    (shield currently unavailable)
rNeg    . . .      Spirit   .    N - +2 robe {rC+}
rPois   ∞          Reflect  .    (no helmet)
rElec   .          Harm     .    n - +0 cloak
rCorr   .          Rampage  .    (no gloves)
Will    +....                    (boots unavailable)
Stlth   ++                       g - amulet of regeneration
HPRegen 1.17/turn                s - +6 ring of intelligence
MPRegen 0.00/turn                q - +6 ring of dexterity

@: flying
A: sickness immunity, fire resistance 2, cold vulnerability 1, float, innate
caster, HP casting, extra vitality 1, agile 1, mutation resistance 1
a: Renounce Religion, Minor Destruction, Lesser Servant of Makhleb, Major
Destruction, Greater Servant of Makhleb


You were on level 5 of the Lair of Beasts.
You worshipped Makhleb.
Makhleb was exalted by your worship.
You visited 3 branches of the dungeon, and saw 15 of its levels.
You also visited: Sewer.

You collected 1106 gold pieces.

Inventory:

Hand Weapons
 e - a +2 short sword of electrocution
 i - a +2 arbalest of flaming (weapon)
Missiles
 j - 4 silver javelins
 w - 3 throwing nets
Armour
 a - a +1 robe
 n - a +0 cloak (worn)
 N - a +2 robe of cold resistance (worn)
 U - a +1 helmet
Jewellery
 g - an amulet of regeneration (around neck)
 q - a +6 ring of dexterity (right hand)
 s - a +6 ring of intelligence (left hand)
 y - a ring of fire
 z - a ring of ice
 A - a ring of see invisible
 C - a +5 ring of evasion
 D - the amulet of Elemental Vulnerability {rPois rF-- rC-- AC+8}
   (You found it on level 5 of the Dungeon)

   [amulet of nothing]

   AC:        It affects your AC (+8).
   rF:        It makes you very vulnerable to fire.
   rC:        It makes you very vulnerable to cold.
   rPois:     It protects you from poison.
 M - an amulet of faith
 R - a +4 ring of slaying
Wands
 l - a wand of mindburst (15)
 t - a wand of flame (52)
 F - a wand of acid (7)
 H - a wand of digging (9)
 K - a wand of polymorph (4)
 Q - a wand of iceblast (3)
Scrolls
 c - a scroll of blinking
 f - 3 scrolls of fog
 h - 4 scrolls of vulnerability
 k - 3 scrolls of torment
 o - 4 scrolls of silence
 p - 3 scrolls of identify
 r - 3 scrolls of immolation
 v - a scroll of enchant weapon
 L - 5 scrolls of teleportation
 O - a scroll of magic mapping
 T - 3 scrolls of enchant armour
Potions
 b - a potion of magic
 d - 6 potions of mutation
 m - 2 potions of resistance
 u - 4 potions of haste
 x - 4 potions of might
 B - 3 potions of attraction
 E - 5 potions of curing
 G - 2 potions of brilliance
 I - a potion of berserk rage
 J - 2 potions of lignification
 P - 8 potions of ambrosia
 S - a potion of degeneration


   Skills:
 - Level 12.0 Fighting
 - Level 1.1 Short Blades
 - Level 14.0 Ranged Weapons
 - Level 2.2 Dodging
 - Level 1.6 Stealth
 - Level 8.4 Spellcasting
 + Level 9.7 Invocations


You couldn't memorise any spells.
You knew the following spells:

 Your Spells              Type           Power      Damage    Failure   Level
a - Freeze                Ice            100%       1d10      1%          1
b - Frozen Ramparts       Ice            100%       1d16      1%          3
c - Ozocubu's Armour      Ice            54%        N/A       1%          3
d - Summon Ice Beast      Ice/Summ       54%        N/A       1%          4
e - Beastly Appendage     Tmut           100%       N/A       1%          1
f - Wereblood             Tmut           54%        N/A       1%          2
g - Tukima's Dance        Hex            54%        N/A       1%          3
h - Vampiric Draining     Necr           54%        2d9       1%          3
i - Animate Dead          Necr           54%        N/A       1%          4
j - Lee's Rapid Deconstr  Erth           27%        3d14*     4%          5
Your spell library was empty.

Dungeon Overview and Level Annotations

Branches:
Dungeon (9/15)             Temple (1/1) D:4            Lair (5/5) D:9
  Swamp (0/4) Lair:2       Spider (0/4) Lair:3        Slime (0/5) Lair:4
  Sewer (visited)
    Orc: D:9-12

Altars:
Ashenzari
Cheibriados
Dithmenos
Elyvilon
Fedhas
Gozag
Hepliaklqana
Makhleb
Nemelex Xobeh
Okawaru
Qazlal
Ru
Trog
Uskayaw
Wu Jian
Xom
Yredelemnul
Zin
The Shining One
Jiyva

Shops:
D:1 =

Annotations:
D:9 1 runed translucent door, porpoise's ghost, novice GnWn


Innate Abilities, Weirdness & Mutations

You are immune to sickness and miasma.
You are immune to poison.
Your flesh is very heat resistant. (rF++)
You are vulnerable to cold. (rC-)
You float through the air rather than walking.
You learn spells naturally, not from books.
Your magical power is your life essence.
You have superior vitality. (+4 MHP)
You are agile. (Dex +4, Str/Int -1)
You are somewhat resistant to further mutation.


Message History

Confirm with . or Enter, or press ? or * to list all spells.
Okay, then.
Casting: Frozen Ramparts (safe; 1% risk of failure)
Confirm with . or Enter, or press ? or * to list all spells.
Okay, then.
Casting: Frozen Ramparts (safe; 1% risk of failure)
Confirm with . or Enter, or press ? or * to list all spells.
Okay, then.
Casting: Frozen Ramparts (safe; 1% risk of failure)
Confirm with . or Enter, or press ? or * to list all spells.
Aiming: Vampiric Draining (safe; 1% risk of failure)
Press: ? - help, Shift-Dir - straight line, f - death yak
Aim: a death yak (moderately wounded)
You draw life force from the death yak!
You feel life coursing into your body! The death yak gores you!
* * * LOW HITPOINT WARNING * * *
The death yak is engulfed in calcifying dust.
Your ice beast hits the death yak but does no damage.
Casting: Vampiric Draining (safe; 1% risk of failure)
Confirm with . or Enter, or press ? or * to list all spells.
Aiming: Vampiric Draining (safe; 1% risk of failure)
Press: ? - help, Shift-Dir - straight line, f/p - death yak
Aim: a death yak (heavily wounded)
You draw life force from the death yak!
You feel life coursing into your body.
* * * LOW HITPOINT WARNING * * *
The death yak gores you!
* * * LOW HITPOINT WARNING * * *
Your ice beast hits the death yak but does no damage.
Casting: Vampiric Draining (safe; 1% risk of failure)
Confirm with . or Enter, or press ? or * to list all spells.
Aiming: Vampiric Draining (safe; 1% risk of failure)
Press: ? - help, Shift-Dir - straight line, f/p - death yak
Aim: a death yak (severely wounded, ally target)
You draw life force from the death yak!
You feel life coursing into your body!
* * * LOW HITPOINT WARNING * * *
Your cane toad zombie is no longer petrified.
The death yak gores you!
* * * LOW HITPOINT WARNING * * *
The death yak gores you!!
You die...

## .P# P..#
####
P..##..###
#....PY@#
..###...Y##
....÷.YY.#
.....÷.T##
#.....#Z#
##...##Z#
....##..#
..÷.#.Z.#
.8.##P..#


You could see 3 death yaks, a deep troll shaman, a friendly ice beast
(summoned), a friendly death yak zombie, a friendly elephant zombie and a
friendly cane toad zombie.

Vanquished Creatures
  Snorg (Lair:5)
  Erolcha (D:9)
  Harold (Lair:1)
  A hydra (Lair:2)
  Erica (D:8)
  A two-headed ogre (D:8)
  3 death yaks (Lair:5)
  Sonja (Lair:5)
  Amaemon (D:8)
  4 lindwurms (Lair:3)
  A wolf spider (Lair:3)
  13 elephants
  11 cane toads
  3 black mambas
  Joseph (D:7)
  An orange demon (D:8)
  2 rime drakes
  Psyche (D:8)
  6 komodo dragons
  3 polar bears
  7 blink frogs
  A jumping spider (Lair:3)
  15 yaks
  2 basilisks
  A redback (Lair:3)
  A steam dragon (D:4)
  5 water moccasins
  Pargi (Sewer)
  A sky beast (D:6)
  2 black bears
  A centaur (D:7)
  An ogre (D:7)
  2 wolves (Lair:5)
  A phantom (D:6)
  2 kobold brigands
  3 necrophages
  10 bullfrogs
  2 gnoll sergeants
  5 scorpions
  9 wights
  34 killer bees
  An electric eel (Lair:3)
  2 howler monkeys
  3 crimson imps (D:7)
  4 hounds
  A jelly (Lair:4)
  5 orc priests
  Terence (D:3)
  6 orc wizards
  An iguana (D:4)
  4 hell rats (Lair:1)
  9 gnolls
  6 adders
  A river rat (D:6)
  2 shadow imps
  3 worms
  A dart slug (D:4)
  14 orcs
  5 bats
  12 endoplasms
  4 giant cockroaches
  10 goblins
  7 hobgoblins
  2 jackals (D:3)
  4 quokkas
  8 ball pythons
  A frilled lizard (D:1)
  16 kobolds
  7 rats
303 creatures vanquished.

Vanquished Creatures (collateral kills)
  Fannar (Lair:1)
  4 hydras
  A catoblepas (Lair:5)
  4 death yaks
  A boulder beetle (Lair:4)
  3 elephants
  A torpor snail (Lair:5)
  A komodo dragon (Lair:1)
  A queen bee (Lair:3)
  A tyrant leech (Lair:2)
  11 blink frogs
  Prince Ribbit (D:7)
  10 yaks
  A basilisk (Lair:3)
  A swamp worm (Lair:2)
  3 water moccasins
  2 orc warriors
  2 wolves (Lair:5)
  2 centaurs
  2 bullfrogs
  A gnoll sergeant (D:9)
  13 wights
  15 killer bees
  2 howler monkeys (D:8)
  A crimson imp (D:7)
  2 iguanas (D:5)
  6 gnolls
  A river rat (D:6)
  A white imp (D:5)
  5 orcs
  2 endoplasms (Lair:4)
  2 ball pythons (D:6)
  2 bats (Sewer)
  A goblin (D:4)
  A rat (D:6)
108 creatures vanquished.

Vanquished Creatures (others)
  A swamp worm zombie (Lair:2)
  2 hydra zombies
  6 dancing weapons
  4 blink frog zombies
  2 water moccasin zombies
  12 yak zombies
  3 wolf zombies (Lair:5)
  14 killer bee zombies
  3 hell rat zombies (Lair:1)
  5 gnoll zombies (D:9)
  3 endoplasm zombies (Lair:4)
  27 fungi
  28 plants
110 creatures vanquished.

Grand Total: 521 creatures vanquished

Notes
Turn   | Place    | Note
-------+----------+-------------------------------------------
     0 | D:1      | billz999 the Djinni Ice Elementalist began the quest for
                  | the Orb.
     0 | D:1      | billz999 set off with the following spells memorised:
                  | Freeze, Frozen Ramparts, Ozocubu's Armour, Summon Ice
                  | Beast.
     0 | D:1      | Reached XP level 1. HP: 15/15 MP: 0/0
    95 | D:1      | Reached XP level 2. HP: 9/21 MP: 0/0
   399 | D:1      | Found a faded altar of an unknown god.
   570 | D:1      | Found Gifosoips's Jewellery Emporium.
   744 | D:1      | Reached XP level 3. HP: 25/25 MP: 0/0
   744 | D:1      | Learned a level 1 spell: Beastly Appendage
  1003 | D:2      | Reached skill level 1 in Short Blades
  1393 | D:2      | Reached XP level 4. HP: 27/31 MP: 0/0
  2371 | D:3      | Noticed a scorpion
  2441 | D:3      | Found a glowing golden altar of the Shining One.
  2840 | D:3      | Reached XP level 5. HP: 32/35 MP: 0/0
  2840 | D:3      | Learned a level 2 spell: Wereblood
  3116 | D:3      | Found a shadowy altar of Dithmenos.
  3229 | D:3      | Noticed Terence
  3238 | D:3      | Killed Terence
  3239 | D:3      | Reached skill level 5 in Spellcasting
  3274 | D:3      | Reached XP level 6. HP: 36/40 MP: 0/0
  3681 | D:4      | Noticed a steam dragon
  3685 | D:4      | Killed a steam dragon
  3686 | D:4      | Reached XP level 7. HP: 26/45 MP: 0/0
  3686 | D:4      | Learned a level 3 spell: Tukima's Dance
  3958 | D:4      | Found a staircase to the Ecumenical Temple.
  4055 | D:4      | Found a hazy altar of Hepliaklqana.
  4104 | Temple   | Entered the Ecumenical Temple
  4109 | Temple   | Became a worshipper of Makhleb the Destroyer
  5066 | D:5      | Entered Level 5 of the Dungeon
  5256 | D:5      | Found the amulet of Elemental Vulnerability {rPois rF--
                  | rC-- AC+8}
  5272 | D:5      | Reached XP level 8. HP: 12/50 MP: 0/0
  5686 | D:5      | Found a hide-covered altar of Uskayaw.
  5787 | D:5      | Found a glowing silver altar of Zin.
  5987 | D:6      | Reached * piety under Makhleb
  6240 | D:6      | Found a glowing drain.
  6248 | Sewer    | Entered a sewer
  6307 | Sewer    | Noticed Pargi
  6317 | Sewer    | Killed Pargi
  6592 | D:6      | Reached skill level 1 in Fighting
  6592 | D:6      | Reached XP level 9. HP: 56/58 MP: 0/0
  6592 | D:6      | Learned a level 3 spell: Vampiric Draining
  6852 | D:6      | Reached skill level 5 in Fighting
  7239 | D:7      | Noticed Prince Ribbit
  7245 | D:7      | Killed Prince Ribbit
  7246 | D:7      | Reached skill level 1 in Ranged Weapons
  7302 | D:7      | Reached skill level 2 in Ranged Weapons
  7529 | D:7      | Found a shimmering altar of Xom.
  7529 | D:7      | Noticed Joseph
  7535 | D:7      | Reached ** piety under Makhleb
  7536 | D:7      | Gained mutation: You are agile. (Dex +4, Str/Int -1)
                  | [potion of mutation]
  7536 | D:7      | Gained mutation: You are somewhat resistant to further
                  | mutation. [potion of mutation]
  7537 | D:7      | Killed Joseph
  7538 | D:7      | Reached skill level 3 in Ranged Weapons
  7538 | D:7      | Reached XP level 10. HP: 23/73 MP: 0/0
  7661 | D:7      | Reached skill level 4 in Ranged Weapons
  7873 | D:7      | Found a sparkling altar of Nemelex Xobeh.
  8127 | D:8      | Reached skill level 5 in Ranged Weapons
  8146 | D:8      | Noticed Psyche
  8158 | D:8      | Killed Psyche
  8303 | D:8      | Reached skill level 6 in Ranged Weapons
  8345 | D:8      | Noticed a two-headed ogre
  8356 | D:8      | Noticed an orange demon
  8358 | D:8      | Killed a two-headed ogre
  8359 | D:8      | Noticed Amaemon
  8503 | D:8      | Killed Amaemon
  8504 | D:8      | Reached skill level 7 in Ranged Weapons
  8504 | D:8      | Reached XP level 11. HP: 76/82 MP: 0/0
  8504 | D:8      | Learned a level 4 spell: Animate Dead
  8647 | D:8      | Reached *** piety under Makhleb
  8711 | D:8      | Noticed Erica
  8723 | D:8      | Killed Erica
  8724 | D:8      | Reached skill level 8 in Ranged Weapons
  8792 | D:8      | Found a basalt altar of Yredelemnul.
  8800 | D:8      | Found a bloodstained altar of Trog.
  9237 | D:9      | Found a staircase to the Lair.
  9254 | D:9      | Reached **** piety under Makhleb
  9360 | D:9      | Noticed Erolcha
  9370 | D:9      | Killed Erolcha
  9393 | D:9      | Reached skill level 9 in Ranged Weapons
  9458 | D:9      | Found a runed translucent door.
  9458 | D:9      | Found a shimmering altar of Xom.
  9458 | D:9      | Noticed porpoise's ghost (novice GnWn)
  9458 | D:9      | Noticed a +1 rapier of chaos
  9859 | Lair:1   | Entered Level 1 of the Lair of Beasts
 10176 | Lair:1   | Noticed Harold
 10195 | Lair:1   | Killed Harold
 10286 | Lair:1   | Reached skill level 10 in Fighting
 10286 | Lair:1   | Reached XP level 12. HP: 84/91 MP: 0/0
 10287 | Lair:1   | Noticed Fannar
 10295 | Lair:1   | HP: 3/91 [Fannar/bolt of cold (63)]
 10358 | Lair:1   | Killed Fannar
 10543 | Lair:1   | Noticed a death yak
 10545 | Lair:1   | Reached skill level 10 in Ranged Weapons
 10545 | Lair:1   | Noticed a death yak
 10546 | Lair:1   | Noticed a death yak
 10549 | Lair:1   | Noticed a death yak
 10550 | Lair:1   | Noticed a death yak
 10552 | Lair:1   | Upgraded the game from 0.30-a0-586-g23e55c9e0a to
                  | 0.30-a0-591-g3c58d2bc28
 10560 | Lair:1   | Killed a death yak
 11111 | Lair:2   | Noticed a five-headed hydra
 11124 | Lair:2   | Killed a five-headed hydra
 11125 | Lair:2   | Reached skill level 11 in Ranged Weapons
 11190 | Lair:2   | Noticed a five-headed hydra
 11204 | Lair:2   | Killed a five-headed hydra
 11321 | Lair:2   | Found a staircase to the Swamp.
 11706 | Lair:3   | Reached ***** piety under Makhleb
 11821 | Lair:3   | Reached XP level 13. HP: 99/99 MP: 0/0
 11821 | Lair:3   | Learned a level 5 spell: Lee's Rapid Deconstruction
 11931 | Lair:3   | Noticed an eight-headed hydra
 11945 | Lair:3   | Killed an eight-headed hydra
 11946 | Lair:3   | Reached skill level 12 in Ranged Weapons
 12366 | Lair:3   | Found a hole to the Spider Nest.
 12557 | Lair:4   | Found a viscous altar of Jiyva.
 12557 | Lair:4   | Found a staircase to the Slime Pits.
 12663 | Lair:4   | Reached skill level 13 in Ranged Weapons
 13495 | Lair:4   | Noticed an eight-headed hydra
 13500 | Lair:4   | Killed an eight-headed hydra
 13691 | Lair:5   | Entered Level 5 of the Lair of Beasts
 13705 | Lair:4   | Reached skill level 14 in Ranged Weapons
 13707 | Lair:4   | Reached skill level 1 in Invocations
 13819 | Lair:5   | Reached XP level 14. HP: 86/107 MP: 0/0
 13945 | Lair:5   | Noticed Sonja
 13947 | Lair:5   | Noticed Snorg
 13956 | Lair:5   | Killed Snorg
 13957 | Lair:5   | Reached skill level 5 in Invocations
 13961 | Lair:5   | Killed Sonja
 13971 | Lair:5   | Reached ****** piety under Makhleb
 14496 | Lair:5   | Mangled by a death yak

Illustrated notes

Levels and vault maps discovered:
D:1:      erik_arrival_triangle_medium, layout_loops_cross, serial_shops,
          nicolae_shop_statue_plus, shapermc_ecumenical_altar_totnotflames,
          hangedman_abyss_or_decor_lesser_grid
D:2:      layout_basic, minmay_goblin_outpost
D:3:      layout_basic, nicolae_dithmenos_the_darkroom,
          mainiacjoe_overflow_24_doors, kennysheep_path_1, uniq_terence
D:4:      layout_loops_corners, mainiacjoe_overflow_alcove_2,
          minmay_temple_entry_proselytizer, serial_rivers,
          chequers_serial_rivers_room_b, chequers_serial_rivers_micro_a,
          chequers_serial_rivers_room_b, chequers_serial_rivers_large_a,
          chequers_serial_rivers_small_a, chequers_serial_rivers_micro_c
D:5:      layout_rooms, marbit_many_paths, mainiacjoe_overflow_tiny_flanked
D:6:      layout_loops_ring, portal_sewer_entry_e
D:7:      layout_loops_ring, led_xom_imps, nemelex_dance_club_becter,
          uniq_prince_ribbit1, uniq_joseph
D:8:      layout_basic, amethyst_overflow_temple_binary, kennysheep_nondescript,
          uniq_psyche, uniq_erica, uniq_amaemon
D:9:      layout_long_grid, lair_entry_dummy, ebering_ghost_xom,
          chequers_serial_rivers_micro_c, uniq_erolcha
Temple:   minmay_freezing_vapour_temple
Lair:1:   layout_concentric_octagons, uniq_fannar, uniq_harold
Lair:2:   layout_gridlike, palyth_hydra_swamp_entry
Lair:3:   layout_roguey [special_room_bee], spider_nest_entry_funnel_web,
          minmay_lindwurm_lava, serial_bayou_shore_a
Lair:4:   layout_hall_layers, nicolae_slime_entry_slimehenge, grunt_megastairs_3
Lair:5:   grunt_lair_end_beastmaster, layout_hall_layers, uniq_snorg, uniq_sonja

Skill      XL: |  1  2  3  4  5  6  7  8  9 10 11 12 13 14 |
---------------+-------------------------------------------+-----
Short Blades   | 1 |  1.1
Spellcasting   | 4 5 7 8 |  8.4
Fighting       | 1 6 8 10 11 12 | 12.0
Ranged Weapons | 3 7 9 11 14 | 14.0
Invocations    | 2 9 |  9.7
Dodging        | |  2.2
Stealth        | |  1.6

Action                   |  1- 3 |  4- 6 |  7- 9 | 10-12 | 13-15 || total
-------------------------+-------+-------+-------+-------+-------++-------
Melee: Short sword       |    23 |     8 |     9 |       |       ||    40
 Fire: Arbalest          |       |       |    57 |   193 |   178 ||   428
 Cast: Freeze            |    39 |    28 |    50 |    50 |    37 ||   204
       Frozen Ramparts   |     2 |    20 |    32 |    37 |    24 ||   115
       Summon Ice Beast  |       |     1 |    14 |    20 |    15 ||    50
       Beastly Appendage |       |     1 |     2 |       |       ||     3
       Tukima's Dance    |       |       |    10 |    33 |       ||    43
       Wereblood         |       |       |     2 |     1 |       ||     3
       Ozocubu's Armour  |       |       |       |     4 |     5 ||     9
       Vampiric Draining |       |       |       |     1 |     3 ||     4
       Animate Dead      |       |       |       |     8 |    11 ||    19
       Lee's Rapid Decon |       |       |       |       |     6 ||     6
Evoke: Wand              |       |       |       |     9 |     2 ||    11
  Use: Scroll            |     3 |       |    10 |     5 |     7 ||    25
       Potion            |       |       |     1 |     5 |     3 ||     9
 Stab: Sleeping          |       |       |     2 |       |       ||     2
Armor: Robe              |     5 |     5 |    18 |    60 |    50 ||   138
Dodge: Dodged            |    16 |    13 |    51 |   135 |   124 ||   339

Table legend: (Time is in decaauts)
 A = Elapsed time spent in this place.
 B = Non-inter-level travel time spent in this place.
 C = Inter-level travel time spent in this place.
 D = Time resting spent in this place.
 E = Time spent auto-exploring this place.
 F = Levels seen in this place.
 G = Mean time per level.
                   A        B        C        D        E       F      G
               +--------+--------+--------+--------+--------+-----+--------+
         Total |  14668 |  13871 |    797 |   1079 |  10343 |  16 |  916.8 |
       Dungeon |   9800 |   9307 |    493 |    756 |   7135 |   9 | 1088.9 |
        Temple |     10 |      2 |      8 |      0 |      0 |   1 |   10.0 |
          Lair |   4702 |   4407 |    295 |    323 |   3110 |   5 |  940.4 |
         Sewer |    154 |    154 |      0 |      0 |     98 |   1 |  154.0 |
               +--------+--------+--------+--------+--------+-----+--------+

Top non-repeatable levels by time:
     D:3: 1488 daAuts
     D:4: 1406 daAuts
     D:2: 1373 daAuts
  Lair:4: 1258 daAuts
     D:6: 1126 daAuts
  Lair:2: 1001 daAuts
  Lair:3: 953 daAuts
     D:8: 952 daAuts
     D:7: 905 daAuts
     D:1: 877 daAuts
     D:9: 862 daAuts
     D:5: 807 daAuts
  Lair:5: 749 daAuts
  Lair:1: 739 daAuts
   Sewer: 154 daAuts
